 Dungeon Crawl Stone Soup version 0.30-a0-374-g95c0257040 (webtiles) character file.

Game seed: 14407842172813198422

1590 KennySheep the Conjurer (level 8, 0/63 HPs)
             Began as a Demigod Conjurer on Nov 26, 2022.
             Slain by a black bear (3 damage)
             ... on level 7 of the Dungeon.
             The game lasted 00:20:45 (6821 turns).

KennySheep the Conjurer (Demigod Conjurer)          Turns: 6821, Time: 00:20:45

Health: 0/63       AC: 12    Str: 14    XL:     8   Next: 35%
Magic:  15/15      EV: 13    Int: 24    God:
Gold:   400        SH:  0    Dex: 16    Spells: 6/13 levels left

rFire   . . .      SeeInvis .    a - +5 triple sword (drain)
rCold   . . .      Faith    .    (shield currently unavailable)
rNeg    . . .      Spirit   .    D - +3 leather armour
rPois   +          Reflect  .    e - +1 hat
rElec   .          Harm     .    g - +3 cloak of Nomasu {rPois Str+2}
rCorr   .          Rampage  .    z - +0 pair of gloves
Will    +....                    (no boots)
Stlth   ++........               t - amulet of magic regeneration
HPRegen 0.30/turn                m - ring of willpower
MPRegen 0.54/turn                q - ring of the Trout {rPois Str+4}

@: no status effects
A: high MP 1, forlorn, divine attributes
a: no special abilities


You were on level 7 of the Dungeon.
You visited 1 branch of the dungeon, and saw 7 of its levels.

You collected 400 gold pieces.

Inventory:

Hand Weapons
 a - a +5 triple sword of draining (weapon)
Missiles
 x - 6 throwing nets
Armour
 e - a +1 hat (worn)
 g - the +3 cloak of Nomasu (worn) {rPois Str+2}
   (You acquired it on level 4 of the Dungeon)

   Str:       It affects your strength (+2).
   rPois:     It protects you from poison.
 z - a +0 pair of gloves (worn)
 D - a +3 leather armour (worn)
Jewellery
 m - a ring of willpower (left hand)
 q - the ring of the Trout (right hand) {rPois Str+4}
   (You found it on level 3 of the Dungeon)

   [ring of poison resistance]

   Str:       It affects your strength (+4).
   rPois:     It protects you from poison.
 t - an amulet of magic regeneration (around neck)
Wands
 u - a wand of paralysis (21)
 K - a wand of mindburst (4)
Scrolls
 d - 3 scrolls of fear
 j - 3 scrolls of teleportation
 k - a scroll of vulnerability {unknown}
 l - a scroll of blinking
 s - a scroll of butterflies
 v - a scroll of immolation
 w - a scroll of poison
 y - a scroll of summoning
 C - a scroll of amnesia {unknown}
 E - 2 scrolls of noise
 F - a scroll of enchant armour {unknown}
 G - a scroll of torment
Potions
 b - 2 potions of magic
 c - a potion of haste {unknown}
 f - 2 potions of resistance
 h - 2 potions of attraction
 i - 4 potions of curing
 n - a potion of flight {unknown}
 o - a potion of brilliance
 p - 2 potions of degeneration {unknown}
 r - a potion of cancellation {unknown}
 A - a potion of lignification {unknown}
 B - a potion of heal wounds
 I - a potion of berserk rage {unknown}


   Skills:
 + Level 3.1 Fighting
 * Level 5.1 Long Blades
 + Level 3.7 Dodging
 - Level 1.7 Stealth
 - Level 3.0 Spellcasting
 - Level 5.2 Conjurations
 - Level 4.8 Translocations


You had 6 spell levels left.
You knew the following spells:

 Your Spells              Type           Power      Damage    Failure   Level
a - Magic Dart            Conj           100%       1d8       1%          1
b - Searing Ray           Conj           58%        2d6       2%          2
c - Iskenderun's Mystic   Conj/Tloc      28%        2d7       17%         4

Your spell library contained the following spells:

 Spells                   Type           Power      Damage    Failure   Level
 Gell's Gravitas          Tloc           27%        N/A       5%          3
 Lesser Beckoning         Tloc           54%        N/A       5%          3
 Teleport Other           Tloc           27%        N/A       5%          3
 Dazzling Flash           Conj/Hex       32%        N/A       14%         3
 Cigotuvi's Dreadful Rot  Necr/Pois/Air  6%         N/A       21%         2
 Spider Form              Tmut/Pois      3%         N/A       38%         3
 Summon Guardian Golem    Hex/Summ       3%         N/A       38%         3
 Fulminant Prism          Conj/Hex       8%         3d7       43%         4
 Dispel Undead            Necr           3%         3d7       80%         4
 Petrify                  Tmut/Erth      3%         N/A       80%         4
 Death Channel            Necr           1%         N/A       100%        6
 Orb of Destruction       Conj           14%        9d7       100%        7
 Spellforged Servitor     Conj/Summ      8%         N/A       100%        7
 Storm Form               Tmut/Air       1%         N/A       100%        7


Dungeon Overview and Level Annotations

Branches:
Dungeon (7/15)             Temple (0/1) D:4

Annotations:
D:2 Robin
D:3 1 runed translucent door, Crazy Yiuf
D:4 4 runed translucent doors


Innate Abilities, Weirdness & Mutations

You have an increased reservoir of magic. (+10% MP)
You shall have no god before yourself.
Your divine heritage dramatically boosts your attributes as you level up.


Message History

The ogre shouts!
You slice the orc!!
You kill the orc!
You hear a howl!
The orc closely misses you.
You barely miss the black bear. The black bear completely misses you.
The black bear barely misses you.
The black bear claws you but does no damage.
The orc hits you with a +0 dagger. The black bear barely misses you.
The black bear claws you but does no damage.
The black bear completely misses you. The orc hits you but does no damage.
You completely miss the black bear. The orc hits you but does no damage.
The black bear bites you.
The black bear claws you but does no damage. x2
The ogre hits you with a +0 giant club! The orc hits you but does no damage.
The black bear bites you but does no damage.
The black bear closely misses you.
The black bear claws you but does no damage.
You barely miss the ogre. The ogre hits you with a +0 giant club!
The orc hits you but does no damage.
The black bear bites you but does no damage.
The black bear claws you but does no damage.
The black bear barely misses you.
You barely miss the ogre. The orc barely misses you.
The black bear bites you but does no damage.
The black bear completely misses you. x2
The ogre hits you with a +0 giant club!!
* * * LOW HITPOINT WARNING * * *
The black bear closely misses you.
The black bear claws you but does no damage. x2
The orc hits you but does no damage.
You slash the ogre! You drain the ogre.
The ogre is almost dead.
The ogre hits you with a +0 giant club!
* * * LOW HITPOINT WARNING * * *
The orc hits you but does no damage. The black bear bites you.
* * * LOW HITPOINT WARNING * * *
The black bear claws you but does no damage.
The black bear claws you.
You die...

# # .#. ###
#... .. ..#
#.#.# .#...#
#.#.##. ...#
#.#ho###..#
#.#@.(#..#
#O.###..#
#.##.....#
#[# #.#...#
... #.....#
.#.#...###..#
# # #.#.
##..#
##...##...#
..........#


You could see a black bear, an ogre (drained) and an orc.

Vanquished Creatures
  A hornet (D:4)
  2 water moccasins (D:6)
  An orc warrior (D:4)
  An ogre (D:5)
  A phantom (D:4)
  Blork the orc (D:5)
  A necrophage (D:5)
  A scorpion (D:5)
  3 hounds
  3 orc priests
  2 gnoll boudas (D:4)
  Jessica (D:3)
  An iguana (D:5)
  Natasha (twice) (D:2)
  An orc wizard (D:5)
  17 gnolls
  3 adders
  A shadow imp (D:6)
  A white imp (D:6)
  2 ufetubi (D:5)
  4 worms
  5 dart slugs
  16 orcs
  5 ball pythons
  8 endoplasms
  3 giant cockroaches
  14 goblins
  12 hobgoblins
  3 jackals (D:1)
  12 kobolds
  7 quokkas
  2 bats (D:3)
  4 frilled lizards
  7 rats
148 creatures vanquished.

Vanquished Creatures (others)
  A fungus (D:3)
  4 plants (D:3)
5 creatures vanquished.

Grand Total: 153 creatures vanquished

Notes
Turn   | Place    | Note
-------+----------+-------------------------------------------
     0 | D:1      | KennySheep the Demigod Conjurer began the quest for the
                  | Orb.
     0 | D:1      | Reached XP level 1. HP: 14/14 MP: 5/5
   249 | D:1      | Reached XP level 2. HP: 20/20 MP: 5/7
   255 | D:1      | Learned a level 2 spell: Searing Ray
   309 | D:1      | Reached skill level 1 in Translocations
  1065 | D:2      | Noticed Robin
  1091 | D:1      | Reached XP level 3. HP: 16/26 MP: 5/8
  2202 | D:2      | Noticed Natasha
  2208 | D:2      | Killed Natasha
  2209 | D:2      | Reached XP level 4. HP: 33/33 MP: 1/10
  2214 | D:2      | Learned a level 4 spell: Iskenderun's Mystic Blast
  2231 | D:2      | Noticed Natasha
  2249 | D:2      | Killed Natasha
  2616 | D:3      | Identified the ring of the Trout {rPois Str+4}
  2709 | D:3      | Noticed Jessica
  2854 | D:3      | Killed Jessica
  3239 | D:3      | Reached XP level 5. HP: 38/38 MP: 9/11
  3567 | D:3      | Found a runed translucent door.
  3568 | D:3      | Noticed Crazy Yiuf
  3661 | D:4      | Reached skill level 1 in Long Blades
  3794 | D:4      | Found a large runed translucent door.
  3796 | D:4      | Found a large runed translucent door.
  3796 | D:4      | Noticed an orc warrior
  3797 | D:4      | Noticed an orc warrior
  3803 | D:4      | Found a large runed translucent door.
  3803 | D:4      | Found a large runed translucent door.
  3854 | D:4      | Reached skill level 5 in Conjurations
  3888 | D:4      | Reached XP level 6. HP: 40/45 MP: 10/13
  4212 | D:4      | Found a staircase to the Ecumenical Temple.
  4215 | D:4      | Identified a scroll of acquirement
  4220 | D:4      | Acquired the +3 cloak of Nomasu {rPois Str+2}
  4707 | D:4      | Noticed a hornet
  4720 | D:4      | Killed a hornet
  4721 | D:4      | Reached skill level 1 in Fighting
  4721 | D:4      | Reached XP level 7. HP: 22/52 MP: 7/14
  4834 | D:4      | Identified the +4 hand axe of Iczae {flame, rElec}
  4911 | D:4      | Got the Octavo of the Sea
  5074 | D:5      | Entered Level 5 of the Dungeon
  5469 | D:5      | Noticed Blork the orc
  5475 | D:5      | Killed Blork the orc
  5924 | D:5      | Reached XP level 8. HP: 62/62 MP: 15/15
  6394 | D:6      | Identified the +0 long sword "Heico" {freeze, rElec Str-3
                  | Dex+8 Stlth-}
  6527 | D:6      | Reached skill level 5 in Long Blades
  6821 | D:7      | HP: 3/63 [black bear (5)]
  6821 | D:7      | Slain by a black bear

Illustrated notes

Levels and vault maps discovered:
D:1:      amcnicky_arrival_abandoned_market, layout_basic
D:2:      layout_rooms, minmay_puff, uniq_natasha, uniq_robin
D:3:      kennysheep_six_static_rooms, layout_basic,
          shapermc_ecumenical_altar_mp_ritualfount, roderic_serpentine_path,
          serial_bayou_pond_b, minmay_misc_feat_tower, uniq_jessica,
          uniq_crazy_yiuf_cottage
D:4:      layout_loops_cross, minmay_temple_entry_offerings,
          minmay_hollow_rounded_squares
D:5:      layout_basic, uniq_blork_the_orc
D:6:      layout_gridville, nicolae_hepliaklqana_hippocampus,
          minmay_misc_feat_diagonals
D:7:      layout_loops_ring, overflow_temple_1_default, minmay_starry_boxes

Skill      XL: |  1  2  3  4  5  6  7  8 |
---------------+-------------------------+-----
Translocations | 1 2 3 4 |  4.8
Spellcasting   | 2 3 |  3.0
Conjurations   | 4 5 |  5.2
Long Blades    | 1 2 4 5 |  5.1
Fighting       | 1 2 3 |  3.1
Dodging        | 2 3 |  3.7
Stealth        | |  1.7

Action                   |  1- 3 |  4- 6 |  7- 9 || total
-------------------------+-------+-------+-------++-------
Melee: Unarmed           |     3 |       |       ||     3
       Whip              |       |     6 |       ||     6
       Triple sword      |       |    43 |   131 ||   174
 Cast: Magic Dart        |    82 |    98 |       ||   180
       Searing Ray       |     2 |     8 |       ||    10
  Use: Scroll            |       |     8 |     8 ||    16
       Potion            |       |     7 |     1 ||     8
 Stab: Sleeping          |       |     1 |     4 ||     5
       Invisible         |       |     1 |       ||     1
Armor: Robe              |     2 |     9 |       ||    11
       Skin              |       |     7 |       ||     7
       Leather armour    |       |     2 |    92 ||    94
Dodge: Dodged            |    17 |    80 |   127 ||   224

Table legend: (Time is in decaauts)
 A = Elapsed time spent in this place.
 B = Non-inter-level travel time spent in this place.
 C = Inter-level travel time spent in this place.
 D = Time resting spent in this place.
 E = Time spent auto-exploring this place.
 F = Levels seen in this place.
 G = Mean time per level.
                   A        B        C        D        E       F      G
               +--------+--------+--------+--------+--------+-----+--------+
         Total |   6927 |   6628 |    299 |   1002 |   4504 |   7 |  989.6 |
       Dungeon |   6927 |   6628 |    299 |   1002 |   4504 |   7 |  989.6 |
               +--------+--------+--------+--------+--------+-----+--------+

Top non-repeatable levels by time:
     D:2: 1503 daAuts
     D:4: 1482 daAuts
     D:5: 1102 daAuts
     D:3: 1065 daAuts
     D:1: 1061 daAuts
     D:6: 624 daAuts
     D:7: 89 daAuts
